Workbook

Sheet Data
A1: Activité | B1: Données | C1: Janvier | D1: Février | E1: Mars | F1: Avril | G1: Mai | H1: Juin | I1: Juillet | J1: Août | K1: Septembre | L1: Octobre | M1: Novembre | N1: Décembre | O1: Total
A2: ProAssurance | B2: Investissement | C2: 1000 | O2: =SUM(C2:N2) -> 1000
A3: ProAssurance | B3: Nb de Lead Formulaire reçu | C3: 10 | O3: =SUM(C3:N3) -> 10
A4: ProAssurance | B4: Nb de Lead Téléphonique | C4: 5 | O4: =SUM(C4:N4) -> 5
A5: ProAssurance | B5: Nb de Lead Brut | C5: 15 | O5: =SUM(C5:N5) -> 15
A6: ProAssurance | B6: Nb de lead Réel (Rejoint) | C6: 8 | O6: =SUM(C6:N6) -> 8
A7: ProAssurance | B7: Nb de soumission | C7: 6 | O7: =SUM(C7:N7) -> 6
A8: ProAssurance | B8: Nb de vente | C8: 4 | O8: =SUM(C8:N8) -> 4
A9: ProAssurance | B9: Prime générée | C9: 1000 | O9: =SUM(C9:N9) -> 1000
A10: ProAssurance | B10: Commission générée | C10: 250 | O10: =SUM(C10:N10) -> 250
A11: CAVI LP | B11: Investissement | C11: 1000 | O11: =SUM(C11:N11) -> 1000
A12: CAVI LP | B12: Nb de Lead Formulaire reçu | C12: 10 | O12: =SUM(C12:N12) -> 10
A13: CAVI LP | B13: Nb de Lead Téléphonique | C13: 5 | O13: =SUM(C13:N13) -> 5
... A55: Dumas Google | B55: Commission générée | C55: 250 | O55: =SUM(C55:N55) -> 250
A56: Global | B56: Investissement | C56: =SUM(C2,C11,C20,C29,C38,C47) -> 6000 | O56: =SUM(C56:N56) -> 6000
A57: Global | B57: Nb de Lead Formulaire reçu | C57: =SUM(C3,C12,C21,C30,C39,C48) -> 60 | O57: =SUM(C57:N57) -> 60
A58: Global | B58: Nb de Lead Téléphonique | C58: =SUM(C4,C13,C22,C31,C40,C49) -> 30 | O58: =SUM(C58:N58) -> 30
A59: Global | B59: Nb de Lead Brut | C59: =SUM(C5,C14,C23,C32,C41,C50) -> 90 | O59: =SUM(C59:N59) -> 90
A60: Global | B60: Nb de lead Réel (Rejoint) | C60: =SUM(C6,C15,C24,C33,C42,C51) -> 48 | O60: =SUM(C60:N60) -> 48
A61: Global | B61: Nb de soumission | C61: =SUM(C7,C16,C25,C34,C43,C52) -> 36 | O61: =SUM(C61:N61) -> 36
A62: Global | B62: Nb de vente | C62: =SUM(C8,C17,C26,C35,C44,C53) -> 24 | O62: =SUM(C62:N62) -> 24
A63: Global | B63: Prime générée | C63: =SUM(C9,C18,C27,C36,C45,C54) -> 6000 | O63: =SUM(C63:N63) -> 6000
A64: Global | B64: Commission générée | C64: =SUM(C10,C19,C28,C37,C46,C55) -> 1500 | O64: =SUM(C64:N64) -> 1500

Sheet Coût
A1: Activité | B1: Statistique | C1: Janvier | D1: Février | E1: Mars | F1: Avril | G1: Mai | H1: Juin | I1: Juillet | J1: Août | K1: Septembre | L1: Octobre | M1: Novembre | N1: Décembre | O1: Moyenne
A2: Proassurance | B2: Coût / Lead Brut | C2: =IFERROR(Data!C2/Data!C5,"") -> 66.666667 | D2: =IFERROR(Data!D2/Data!D5,"") | E2: =IFERROR(Data!E2/Data!E5,"") | F2: =IFERROR(Data!F2/Data!F5,"") | G2: =IFERROR(Data!G2/Data!G5,"") | H2: =IFERROR(Data!H2/Data!H5,"") | I2: =IFERROR(Data!I2/Data!I5,"") | J2: =IFERROR(Data!J2/Data!J5,"") | ... N2: =IFERROR(Data!N2/Data!N5,"") | O2: =AVERAGE(C2:N2) -> 66.666667
A3: Proassurance | B3: Coût / Lead Réel (Rejoint) | C3: =IFERROR(Data!C2/Data!C6,"") -> 125 | D3: =IFERROR(Data!D2/Data!D6,"") | E3: =IFERROR(Data!E2/Data!E6,"") | F3: =IFERROR(Data!F2/Data!F6,"") | G3: =IFERROR(Data!G2/Data!G6,"") | H3: =IFERROR(Data!H2/Data!H6,"") | I3: =IFERROR(Data!I2/Data!I6,"") | J3: =IFERROR(Data!J2/Data!J6,"") | ... N3: =IFERROR(Data!N2/Data!N6,"") | O3: =AVERAGE(C3:N3) -> 125
A4: Proassurance | B4: Coût / Soumission | C4: =IFERROR(Data!C2/Data!C7,"") -> 166.66667 | D4: =IFERROR(Data!D2/Data!D7,"") | E4: =IFERROR(Data!E2/Data!E7,"") | F4: =IFERROR(Data!F2/Data!F7,"") | G4: =IFERROR(Data!G2/Data!G7,"") | H4: =IFERROR(Data!H2/Data!H7,"") | I4: =IFERROR(Data!I2/Data!I7,"") | J4: =IFERROR(Data!J2/Data!J7,"") | ... N4: =IFERROR(Data!N2/Data!N7,"") | O4: =AVERAGE(C4:N4) -> 166.66667
A5: Proassurance | B5: Coût / Vente | C5: =IFERROR(Data!C2/Data!C8,"") -> 250 | D5: =IFERROR(Data!D2/Data!D8,"") | E5: =IFERROR(Data!E2/Data!E8,"") | F5: =IFERROR(Data!F2/Data!F8,"") | G5: =IFERROR(Data!G2/Data!G8,"") | H5: =IFERROR(Data!H2/Data!H8,"") | I5: =IFERROR(Data!I2/Data!I8,"") | J5: =IFERROR(Data!J2/Data!J8,"") | ... N5: =IFERROR(Data!N2/Data!N8,"") | O5: =AVERAGE(C5:N5) -> 250
A6: Proassurance | B6: Taux de Lead rejoint | C6: =IFERROR(Data!C6/Data!C5,"") -> 0.53333333 | D6: =IFERROR(Data!D6/Data!D5,"") | E6: =IFERROR(Data!E6/Data!E5,"") | F6: =IFERROR(Data!F6/Data!F5,"") | G6: =IFERROR(Data!G6/Data!G5,"") | H6: =IFERROR(Data!H6/Data!H5,"") | I6: =IFERROR(Data!I6/Data!I5,"") | J6: =IFERROR(Data!J6/Data!J5,"") | ... N6: =IFERROR(Data!N6/Data!N5,"") | O6: =AVERAGE(C6:N6) -> 0.53333333
A7: Proassurance | B7: Taux de Closing sur lead Brut | C7: =IFERROR(Data!C8/Data!C5,"") -> 0.26666667 | D7: =IFERROR(Data!D8/Data!D5,"") | E7: =IFERROR(Data!E8/Data!E5,"") | F7: =IFERROR(Data!F8/Data!F5,"") | G7: =IFERROR(Data!G8/Data!G5,"") | H7: =IFERROR(Data!H8/Data!H5,"") | I7: =IFERROR(Data!I8/Data!I5,"") | J7: =IFERROR(Data!J8/Data!J5,"") | ... N7: =IFERROR(Data!N8/Data!N5,"") | O7: =AVERAGE(C7:N7) -> 0.26666667
A8: Proassurance | B8: Taux de Closing sur lead Réel (Rejoint) | C8: =IFERROR(Data!C8/Data!C6,"") -> 0.5 | D8: =IFERROR(Data!D8/Data!D6,"") | E8: =IFERROR(Data!E8/Data!E6,"") | F8: =IFERROR(Data!F8/Data!F6,"") | G8: =IFERROR(Data!G8/Data!G6,"") | H8: =IFERROR(Data!H8/Data!H6,"") | I8: =IFERROR(Data!I8/Data!I6,"") | J8: =IFERROR(Data!J8/Data!J6,"") | ... N8: =IFERROR(Data!N8/Data!N6,"") | O8: =AVERAGE(C8:N8) -> 0.5
A9: Proassurance | B9: Taux de Closing sur soumission | C9: =IFERROR(Data!C8/Data!C7,"") -> 0.66666667 | D9: =IFERROR(Data!D8/Data!D7,"") | E9: =IFERROR(Data!E8/Data!E7,"") | F9: =IFERROR(Data!F8/Data!F7,"") | G9: =IFERROR(Data!G8/Data!G7,"") | H9: =IFERROR(Data!H8/Data!H7,"") | I9: =IFERROR(Data!I8/Data!I7,"") | J9: =IFERROR(Data!J8/Data!J7,"") | ... N9: =IFERROR(Data!N8/Data!N7,"") | O9: =AVERAGE(C9:N9) -> 0.66666667
A10: Proassurance | B10: Prime / Vente | C10: =IFERROR(Data!C9/Data!C8,"") -> 250 | D10: =IFERROR(Data!D9/Data!D8,"") | E10: =IFERROR(Data!E9/Data!E8,"") | F10: =IFERROR(Data!F9/Data!F8,"") | G10: =IFERROR(Data!G9/Data!G8,"") | H10: =IFERROR(Data!H9/Data!H8,"") | I10: =IFERROR(Data!I9/Data!I8,"") | J10: =IFERROR(Data!J9/Data!J8,"") | ... N10: =IFERROR(Data!N9/Data!N8,"") | O10: =AVERAGE(C10:N10) -> 250
A11: Proassurance | B11: Commission / Vente | C11: =IFERROR(Data!C10/Data!C8,"") -> 62.5 | D11: =IFERROR(Data!D10/Data!D8,"") | E11: =IFERROR(Data!E10/Data!E8,"") | F11: =IFERROR(Data!F10/Data!F8,"") | G11: =IFERROR(Data!G10/Data!G8,"") | H11: =IFERROR(Data!H10/Data!H8,"") | I11: =IFERROR(Data!I10/Data!I8,"") | J11: =IFERROR(Data!J10/Data!J8,"") | ... N11: =IFERROR(Data!N10/Data!N8,"") | O11: =AVERAGE(C11:N11) -> 62.5
A12: Proassurance | B12: Récupération sur investissement | C12: =IFERROR(Data!C10/Data!C2,"") -> 0.25 | D12: =IFERROR(Data!D10/Data!D2,"") | E12: =IFERROR(Data!E10/Data!E2,"") | F12: =IFERROR(Data!F10/Data!F2,"") | G12: =IFERROR(Data!G10/Data!G2,"") | H12: =IFERROR(Data!H10/Data!H2,"") | I12: =IFERROR(Data!I10/Data!I2,"") | J12: =IFERROR(Data!J10/Data!J2,"") | ... N12: =IFERROR(Data!N10/Data!N2,"") | O12: =AVERAGE(C12:N12) -> 0.25
A13: Proassurance | B13: Multiple de commission brut | C13: =IFERROR(Data!C2/Data!C10,"") -> 4 | D13: =IFERROR(Data!D2/Data!D10,"") | E13: =IFERROR(Data!E2/Data!E10,"") | F13: =IFERROR(Data!F2/Data!F10,"") | G13: =IFERROR(Data!G2/Data!G10,"") | H13: =IFERROR(Data!H2/Data!H10,"") | I13: =IFERROR(Data!I2/Data!I10,"") | J13: =IFERROR(Data!J2/Data!J10,"") | ... N13: =IFERROR(Data!N2/Data!N10,"") | O13: =AVERAGE(C13:N13) -> 4
A14: CAVI LP | B14: Coût / Lead Brut | C14: =IFERROR(Data!C11/Data!C14,"") -> 66.666667 | D14: =IFERROR(Data!D11/Data!D14,"") | E14: =IFERROR(Data!E11/Data!E14,"") | F14: =IFERROR(Data!F11/Data!F14,"") | G14: =IFERROR(Data!G11/Data!G14,"") | H14: =IFERROR(Data!H11/Data!H14,"") | I14: =IFERROR(Data!I11/Data!I14,"") | J14: =IFERROR(Data!J11/Data!J14,"") | ... N14: =IFERROR(Data!N11/Data!N14,"") | O14: =AVERAGE(C14:N14) -> 66.666667
A15: CAVI LP | B15: Coût / Lead Réel (Rejoint) | C15: =IFERROR(Data!C11/Data!C15,"") -> 125 | D15: =IFERROR(Data!D11/Data!D15,"") | E15: =IFERROR(Data!E11/Data!E15,"") | F15: =IFERROR(Data!F11/Data!F15,"") | G15: =IFERROR(Data!G11/Data!G15,"") | H15: =IFERROR(Data!H11/Data!H15,"") | I15: =IFERROR(Data!I11/Data!I15,"") | J15: =IFERROR(Data!J11/Data!J15,"") | ... N15: =IFERROR(Data!N11/Data!N15,"") | O15: =AVERAGE(C15:N15) -> 125
A16: CAVI LP | B16: Coût / Soumission | C16: =IFERROR(Data!C11/Data!C16,"") -> 166.66667 | D16: =IFERROR(Data!D11/Data!D16,"") | E16: =IFERROR(Data!E11/Data!E16,"") | F16: =IFERROR(Data!F11/Data!F16,"") | G16: =IFERROR(Data!G11/Data!G16,"") | H16: =IFERROR(Data!H11/Data!H16,"") | I16: =IFERROR(Data!I11/Data!I16,"") | J16: =IFERROR(Data!J11/Data!J16,"") | ... N16: =IFERROR(Data!N11/Data!N16,"") | O16: =AVERAGE(C16:N16) -> 166.66667
A17: CAVI LP | B17: Coût / Vente | C17: =IFERROR(Data!C11/Data!C17,"") -> 250 | D17: =IFERROR(Data!D11/Data!D17,"") | E17: =IFERROR(Data!E11/Data!E17,"") | F17: =IFERROR(Data!F11/Data!F17,"") | G17: =IFERROR(Data!G11/Data!G17,"") | H17: =IFERROR(Data!H11/Data!H17,"") | I17: =IFERROR(Data!I11/Data!I17,"") | J17: =IFERROR(Data!J11/Data!J17,"") | ... N17: =IFERROR(Data!N11/Data!N17,"") | O17: =AVERAGE(C17:N17) -> 250
A18: CAVI LP | B18: Taux de Lead rejoint | C18: =IFERROR(Data!C15/Data!C14,"") -> 0.53333333 | D18: =IFERROR(Data!D15/Data!D14,"") | E18: =IFERROR(Data!E15/Data!E14,"") | F18: =IFERROR(Data!F15/Data!F14,"") | G18: =IFERROR(Data!G15/Data!G14,"") | H18: =IFERROR(Data!H15/Data!H14,"") | I18: =IFERROR(Data!I15/Data!I14,"") | J18: =IFERROR(Data!J15/Data!J14,"") | ... N18: =IFERROR(Data!N15/Data!N14,"") | O18: =AVERAGE(C18:N18) -> 0.53333333
A19: CAVI LP | B19: Taux de Closing sur lead Brut | C19: =Data!C17/Data!C14 -> 0.26666667 | D19: =Data!D17/Data!D14 -> #DIV/0! | E19: =Data!E17/Data!E14 -> #DIV/0! | F19: =Data!F17/Data!F14 -> #DIV/0! | G19: =Data!G17/Data!G14 -> #DIV/0! | H19: =Data!H17/Data!H14 -> #DIV/0! | I19: =Data!I17/Data!I14 -> #DIV/0! | J19: =Data!J17/Data!J14 -> #DIV/0! | ... N19: =Data!N17/Data!N14 -> #DIV/0! | O19: =AVERAGE(C19:N19) -> #DIV/0!
A20: CAVI LP | B20: Taux de Closing sur lead Réel (Rejoint) | C20: =IFERROR(Data!C17/Data!C15,"") -> 0.5 | D20: =IFERROR(Data!D17/Data!D15,"") | E20: =IFERROR(Data!E17/Data!E15,"") | F20: =IFERROR(Data!F17/Data!F15,"") | G20: =IFERROR(Data!G17/Data!G15,"") | H20: =IFERROR(Data!H17/Data!H15,"") | I20: =IFERROR(Data!I17/Data!I15,"") | J20: =IFERROR(Data!J17/Data!J15,"") | ... N20: =IFERROR(Data!N17/Data!N15,"") | O20: =AVERAGE(C20:N20) -> 0.5
A21: CAVI LP | B21: Taux de Closing sur soumission | C21: =Data!C17/Data!C16 -> 0.66666667 | D21: =Data!D17/Data!D16 -> #DIV/0! | E21: =Data!E17/Data!E16 -> #DIV/0! | F21: =Data!F17/Data!F16 -> #DIV/0! | G21: =Data!G17/Data!G16 -> #DIV/0! | H21: =Data!H17/Data!H16 -> #DIV/0! | I21: =Data!I17/Data!I16 -> #DIV/0! | J21: =Data!J17/Data!J16 -> #DIV/0! | ... N21: =Data!N17/Data!N16 -> #DIV/0! | O21: =AVERAGE(C21:N21) -> #DIV/0!
A22: CAVI LP | B22: Prime / Vente | C22: =IFERROR(Data!C18/Data!C17,"") -> 250 | D22: =IFERROR(Data!D18/Data!D17,"") | E22: =IFERROR(Data!E18/Data!E17,"") | F22: =IFERROR(Data!F18/Data!F17,"") | G22: =IFERROR(Data!G18/Data!G17,"") | H22: =IFERROR(Data!H18/Data!H17,"") | I22: =IFERROR(Data!I18/Data!I17,"") | J22: =IFERROR(Data!J18/Data!J17,"") | ... N22: =IFERROR(Data!N18/Data!N17,"") | O22: =AVERAGE(C22:N22) -> 250
A23: CAVI LP | B23: Commission / Vente | C23: =IFERROR(Data!C19/Data!C17,"") -> 62.5 | D23: =IFERROR(Data!D19/Data!D17,"") | E23: =IFERROR(Data!E19/Data!E17,"") | F23: =IFERROR(Data!F19/Data!F17,"") | G23: =IFERROR(Data!G19/Data!G17,"") | H23: =IFERROR(Data!H19/Data!H17,"") | I23: =IFERROR(Data!I19/Data!I17,"") | J23: =IFERROR(Data!J19/Data!J17,"") | ... N23: =IFERROR(Data!N19/Data!N17,"") | O23: =AVERAGE(C23:N23) -> 62.5
A24: CAVI LP | B24: Récupération sur investissement | C24: =IFERROR(Data!C19/Data!C11,"") -> 0.25 | D24: =IFERROR(Data!D19/Data!D11,"") | E24: =IFERROR(Data!E19/Data!E11,"") | F24: =IFERROR(Data!F19/Data!F11,"") | G24: =IFERROR(Data!G19/Data!G11,"") | H24: =IFERROR(Data!H19/Data!H11,"") | I24: =IFERROR(Data!I19/Data!I11,"") | J24: =IFERROR(Data!J19/Data!J11,"") | ... N24: =IFERROR(Data!N19/Data!N11,"") | O24: =AVERAGE(C24:N24) -> 0.25
A25: CAVI LP | B25: Multiple de commission brut | C25: =IFERROR(Data!C11/Data!C19,"") -> 4 | D25: =IFERROR(Data!D11/Data!D19,"") | E25: =IFERROR(Data!E11/Data!E19,"") | F25: =IFERROR(Data!F11/Data!F19,"") | G25: =IFERROR(Data!G11/Data!G19,"") | H25: =IFERROR(Data!H11/Data!H19,"") | I25: =IFERROR(Data!I11/Data!I19,"") | J25: =IFERROR(Data!J11/Data!J19,"") | ... N25: =IFERROR(Data!N11/Data!N19,"") | O25: =AVERAGE(C25:N25) -> 4
A26: CAVI LC | B26: Coût / Lead Brut | C26: =IFERROR(Data!C20/Data!C23,"") -> 66.666667 | D26: =IFERROR(Data!D20/Data!D23,"") | E26: =IFERROR(Data!E20/Data!E23,"") | F26: =IFERROR(Data!F20/Data!F23,"") | G26: =IFERROR(Data!G20/Data!G23,"") | H26: =IFERROR(Data!H20/Data!H23,"") | I26: =IFERROR(Data!I20/Data!I23,"") | J26: =IFERROR(Data!J20/Data!J23,"") | ... N26: =IFERROR(Data!N20/Data!N23,"") | O26: =AVERAGE(C26:N26) -> 66.666667
A27: CAVI LC | B27: Coût / Lead Réel (Rejoint) | C27: =IFERROR(Data!C20/Data!C24,"") -> 125 | D27: =IFERROR(Data!D20/Data!D24,"") | E27: =IFERROR(Data!E20/Data!E24,"") | F27: =IFERROR(Data!F20/Data!F24,"") | G27: =IFERROR(Data!G20/Data!G24,"") | H27: =IFERROR(Data!H20/Data!H24,"") | I27: =IFERROR(Data!I20/Data!I24,"") | J27: =IFERROR(Data!J20/Data!J24,"") | ... N27: =IFERROR(Data!N20/Data!N24,"") | O27: =AVERAGE(C27:N27) -> 125
A28: CAVI LC | B28: Coût / Soumission | C28: =IFERROR(Data!C20/Data!C25,"") -> 166.66667 | D28: =IFERROR(Data!D20/Data!D25,"") | E28: =IFERROR(Data!E20/Data!E25,"") | F28: =IFERROR(Data!F20/Data!F25,"") | G28: =IFERROR(Data!G20/Data!G25,"") | H28: =IFERROR(Data!H20/Data!H25,"") | I28: =IFERROR(Data!I20/Data!I25,"") | J28: =IFERROR(Data!J20/Data!J25,"") | ... N28: =IFERROR(Data!N20/Data!N25,"") | O28: =AVERAGE(C28:N28) -> 166.66667
A29: CAVI LC | B29: Coût / Vente | C29: =Data!C20/Data!C26 -> 250 | D29: =Data!D20/Data!D26 -> #DIV/0! | E29: =Data!E20/Data!E26 -> #DIV/0! | F29: =Data!F20/Data!F26 -> #DIV/0! | G29: =Data!G20/Data!G26 -> #DIV/0! | H29: =Data!H20/Data!H26 -> #DIV/0! | I29: =Data!I20/Data!I26 -> #DIV/0! | J29: =Data!J20/Data!J26 -> #DIV/0! | ... N29: =Data!N20/Data!N26 -> #DIV/0! | O29: =AVERAGE(C29:N29) -> #DIV/0!
A30: CAVI LC | B30: Taux de Lead rejoint | C30: =IFERROR(Data!C24/Data!C23,"") -> 0.53333333 | D30: =IFERROR(Data!D24/Data!D23,"") | E30: =IFERROR(Data!E24/Data!E23,"") | F30: =IFERROR(Data!F24/Data!F23,"") | G30: =IFERROR(Data!G24/Data!G23,"") | H30: =IFERROR(Data!H24/Data!H23,"") | I30: =IFERROR(Data!I24/Data!I23,"") | J30: =IFERROR(Data!J24/Data!J23,"") | ... N30: =IFERROR(Data!N24/Data!N23,"") | O30: =AVERAGE(C30:N30) -> 0.53333333
A31: CAVI LC | B31: Taux de Closing sur lead Brut | C31: =IFERROR(Data!C26/Data!C23,"") -> 0.26666667 | D31: =IFERROR(Data!D26/Data!D23,"") | E31: =IFERROR(Data!E26/Data!E23,"") | F31: =IFERROR(Data!F26/Data!F23,"") | G31: =IFERROR(Data!G26/Data!G23,"") | H31: =IFERROR(Data!H26/Data!H23,"") | I31: =IFERROR(Data!I26/Data!I23,"") | J31: =IFERROR(Data!J26/Data!J23,"") | ... N31: =IFERROR(Data!N26/Data!N23,"") | O31: =AVERAGE(C31:N31) -> 0.26666667
A32: CAVI LC | B32: Taux de Closing sur lead Réel (Rejoint) | C32: =IFERROR(Data!C26/Data!C24,"") -> 0.5 | D32: =IFERROR(Data!D26/Data!D24,"") | E32: =IFERROR(Data!E26/Data!E24,"") | F32: =IFERROR(Data!F26/Data!F24,"") | G32: =IFERROR(Data!G26/Data!G24,"") | H32: =IFERROR(Data!H26/Data!H24,"") | I32: =IFERROR(Data!I26/Data!I24,"") | J32: =IFERROR(Data!J26/Data!J24,"") | ... N32: =IFERROR(Data!N26/Data!N24,"") | O32: =AVERAGE(C32:N32) -> 0.5
A33: CAVI LC | B33: Taux de Closing sur soumission | C33: =IFERROR(Data!C26/Data!C25,"") -> 0.66666667 | D33: =IFERROR(Data!D26/Data!D25,"") | E33: =IFERROR(Data!E26/Data!E25,"") | F33: =IFERROR(Data!F26/Data!F25,"") | G33: =IFERROR(Data!G26/Data!G25,"") | H33: =IFERROR(Data!H26/Data!H25,"") | I33: =IFERROR(Data!I26/Data!I25,"") | J33: =IFERROR(Data!J26/Data!J25,"") | ... N33: =IFERROR(Data!N26/Data!N25,"") | O33: =AVERAGE(C33:N33) -> 0.66666667
A34: CAVI LC | B34: Prime / Vente | C34: =IFERROR(Data!C27/Data!C26,"") -> 250 | D34: =IFERROR(Data!D27/Data!D26,"") | E34: =IFERROR(Data!E27/Data!E26,"") | F34: =IFERROR(Data!F27/Data!F26,"") | G34: =IFERROR(Data!G27/Data!G26,"") | H34: =IFERROR(Data!H27/Data!H26,"") | I34: =IFERROR(Data!I27/Data!I26,"") | J34: =IFERROR(Data!J27/Data!J26,"") | ... N34: =IFERROR(Data!N27/Data!N26,"") | O34: =AVERAGE(C34:N34) -> 250
A35: CAVI LC | B35: Commission / Vente | C35: =Data!C28/Data!C26 -> 62.5 | D35: =Data!D28/Data!D26 -> #DIV/0! | E35: =Data!E28/Data!E26 -> #DIV/0! | F35: =Data!F28/Data!F26 -> #DIV/0! | G35: =Data!G28/Data!G26 -> #DIV/0! | H35: =Data!H28/Data!H26 -> #DIV/0! | I35: =Data!I28/Data!I26 -> #DIV/0! | J35: =Data!J28/Data!J26 -> #DIV/0! | ... N35: =Data!N28/Data!N26 -> #DIV/0! | O35: =AVERAGE(C35:N35) -> #DIV/0!
A36: CAVI LC | B36: Récupération sur investissement | C36: =IFERROR(Data!C28/Data!C20,"") -> 0.25 | D36: =IFERROR(Data!D28/Data!D20,"") | E36: =IFERROR(Data!E28/Data!E20,"") | F36: =IFERROR(Data!F28/Data!F20,"") | G36: =IFERROR(Data!G28/Data!G20,"") | H36: =IFERROR(Data!H28/Data!H20,"") | I36: =IFERROR(Data!I28/Data!I20,"") | J36: =IFERROR(Data!J28/Data!J20,"") | ... N36: =IFERROR(Data!N28/Data!N20,"") | O36: =AVERAGE(C36:N36) -> 0.25
A37: CAVI LC | B37: Multiple de commission brut | C37: =IFERROR(Data!C20/Data!C28,"") -> 4 | D37: =IFERROR(Data!D20/Data!D28,"") | E37: =IFERROR(Data!E20/Data!E28,"") | F37: =IFERROR(Data!F20/Data!F28,"") | G37: =IFERROR(Data!G20/Data!G28,"") | H37: =IFERROR(Data!H20/Data!H28,"") | I37: =IFERROR(Data!I20/Data!I28,"") | J37: =IFERROR(Data!J20/Data!J28,"") | ... N37: =IFERROR(Data!N20/Data!N28,"") | O37: =AVERAGE(C37:N37) -> 4
A38: P15 | B38: Coût / Lead Brut | C38: =IFERROR(Data!C29/Data!C32,"") -> 66.666667 | D38: =IFERROR(Data!D29/Data!D32,"") | E38: =IFERROR(Data!E29/Data!E32,"") | F38: =IFERROR(Data!F29/Data!F32,"") | G38: =IFERROR(Data!G29/Data!G32,"") | H38: =IFERROR(Data!H29/Data!H32,"") | I38: =IFERROR(Data!I29/Data!I32,"") | J38: =IFERROR(Data!J29/Data!J32,"") | ... N38: =IFERROR(Data!N29/Data!N32,"") | O38: =AVERAGE(C38:N38) -> 66.666667
A39: P15 | B39: Coût / Lead Réel (Rejoint) | C39: =IFERROR(Data!C29/Data!C33,"") -> 125 | D39: =IFERROR(Data!D29/Data!D33,"") | E39: =IFERROR(Data!E29/Data!E33,"") | F39: =IFERROR(Data!F29/Data!F33,"") | G39: =IFERROR(Data!G29/Data!G33,"") | H39: =IFERROR(Data!H29/Data!H33,"") | I39: =IFERROR(Data!I29/Data!I33,"") | J39: =IFERROR(Data!J29/Data!J33,"") | ... N39: =IFERROR(Data!N29/Data!N33,"") | O39: =AVERAGE(C39:N39) -> 125
A40: P15 | B40: Coût / Soumission | C40: =IFERROR(Data!C29/Data!C34,"") -> 166.66667 | D40: =IFERROR(Data!D29/Data!D34,"") | E40: =IFERROR(Data!E29/Data!E34,"") | F40: =IFERROR(Data!F29/Data!F34,"") | G40: =IFERROR(Data!G29/Data!G34,"") | H40: =IFERROR(Data!H29/Data!H34,"") | I40: =IFERROR(Data!I29/Data!I34,"") | J40: =IFERROR(Data!J29/Data!J34,"") | ... N40: =IFERROR(Data!N29/Data!N34,"") | O40: =AVERAGE(C40:N40) -> 166.66667
A41: P15 | B41: Coût / Vente | C41: =IFERROR(Data!C29/Data!C35,"") -> 250 | D41: =IFERROR(Data!D29/Data!D35,"") | E41: =IFERROR(Data!E29/Data!E35,"") | F41: =IFERROR(Data!F29/Data!F35,"") | G41: =IFERROR(Data!G29/Data!G35,"") | H41: =IFERROR(Data!H29/Data!H35,"") | I41: =IFERROR(Data!I29/Data!I35,"") | J41: =IFERROR(Data!J29/Data!J35,"") | ... N41: =IFERROR(Data!N29/Data!N35,"") | O41: =AVERAGE(C41:N41) -> 250
A42: P15 | B42: Taux de Lead rejoint | C42: =IFERROR(Data!C33/Data!C32,"") -> 0.53333333 | D42: =IFERROR(Data!D33/Data!D32,"") | E42: =IFERROR(Data!E33/Data!E32,"") | F42: =IFERROR(Data!F33/Data!F32,"") | G42: =IFERROR(Data!G33/Data!G32,"") | H42: =IFERROR(Data!H33/Data!H32,"") | I42: =IFERROR(Data!I33/Data!I32,"") | J42: =IFERROR(Data!J33/Data!J32,"") | ... N42: =IFERROR(Data!N33/Data!N32,"") | O42: =AVERAGE(C42:N42) -> 0.53333333
A43: P15 | B43: Taux de Closing sur lead Brut | C43: =IFERROR(Data!C35/Data!C32,"") -> 0.26666667 | D43: =IFERROR(Data!D35/Data!D32,"") | E43: =IFERROR(Data!E35/Data!E32,"") | F43: =IFERROR(Data!F35/Data!F32,"") | G43: =IFERROR(Data!G35/Data!G32,"") | H43: =IFERROR(Data!H35/Data!H32,"") | I43: =IFERROR(Data!I35/Data!I32,"") | J43: =IFERROR(Data!J35/Data!J32,"") | ... N43: =IFERROR(Data!N35/Data!N32,"") | O43: =AVERAGE(C43:N43) -> 0.26666667
A44: P15 | B44: Taux de Closing sur lead Réel (Rejoint) | C44: =IFERROR(Data!C35/Data!C33,"") -> 0.5 | D44: =IFERROR(Data!D35/Data!D33,"") | E44: =IFERROR(Data!E35/Data!E33,"") | F44: =IFERROR(Data!F35/Data!F33,"") | G44: =IFERROR(Data!G35/Data!G33,"") | H44: =IFERROR(Data!H35/Data!H33,"") | I44: =IFERROR(Data!I35/Data!I33,"") | J44: =IFERROR(Data!J35/Data!J33,"") | ... N44: =IFERROR(Data!N35/Data!N33,"") | O44: =AVERAGE(C44:N44) -> 0.5
A45: P15 | B45: Taux de Closing sur soumission | C45: =IFERROR(Data!C35/Data!C34,"") -> 0.66666667 | D45: =IFERROR(Data!D35/Data!D34,"") | E45: =IFERROR(Data!E35/Data!E34,"") | F45: =IFERROR(Data!F35/Data!F34,"") | G45: =IFERROR(Data!G35/Data!G34,"") | H45: =IFERROR(Data!H35/Data!H34,"") | I45: =IFERROR(Data!I35/Data!I34,"") | J45: =IFERROR(Data!J35/Data!J34,"") | ... N45: =IFERROR(Data!N35/Data!N34,"") | O45: =AVERAGE(C45:N45) -> 0.66666667
A46: P15 | B46: Prime / Vente | C46: =IFERROR(Data!C36/Data!C35,"") -> 250 | D46: =IFERROR(Data!D36/Data!D35,"") | E46: =IFERROR(Data!E36/Data!E35,"") | F46: =IFERROR(Data!F36/Data!F35,"") | G46: =IFERROR(Data!G36/Data!G35,"") | H46: =IFERROR(Data!H36/Data!H35,"") | I46: =IFERROR(Data!I36/Data!I35,"") | J46: =IFERROR(Data!J36/Data!J35,"") | ... N46: =IFERROR(Data!N36/Data!N35,"") | O46: =AVERAGE(C46:N46) -> 250
A47: P15 | B47: Commission / Vente | C47: =IFERROR(Data!C37/Data!C35,"") -> 62.5 | D47: =IFERROR(Data!D37/Data!D35,"") | E47: =IFERROR(Data!E37/Data!E35,"") | F47: =IFERROR(Data!F37/Data!F35,"") | G47: =IFERROR(Data!G37/Data!G35,"") | H47: =IFERROR(Data!H37/Data!H35,"") | I47: =IFERROR(Data!I37/Data!I35,"") | J47: =IFERROR(Data!J37/Data!J35,"") | ... N47: =IFERROR(Data!N37/Data!N35,"") | O47: =AVERAGE(C47:N47) -> 62.5
A48: P15 | B48: Récupération sur investissement | C48: =IFERROR(Data!C37/Data!C29,"") -> 0.25 | D48: =IFERROR(Data!D37/Data!D29,"") | E48: =IFERROR(Data!E37/Data!E29,"") | F48: =IFERROR(Data!F37/Data!F29,"") | G48: =IFERROR(Data!G37/Data!G29,"") | H48: =IFERROR(Data!H37/Data!H29,"") | I48: =IFERROR(Data!I37/Data!I29,"") | J48: =IFERROR(Data!J37/Data!J29,"") | ... N48: =IFERROR(Data!N37/Data!N29,"") | O48: =AVERAGE(C48:N48) -> 0.25
A49: P15 | B49: Multiple de commission brut | C49: =IFERROR(Data!C29/Data!C37,"") -> 4 | D49: =IFERROR(Data!D29/Data!D37,"") | E49: =IFERROR(Data!E29/Data!E37,"") | F49: =IFERROR(Data!F29/Data!F37,"") | G49: =IFERROR(Data!G29/Data!G37,"") | H49: =IFERROR(Data!H29/Data!H37,"") | I49: =IFERROR(Data!I29/Data!I37,"") | J49: =IFERROR(Data!J29/Data!J37,"") | ... N49: =IFERROR(Data!N29/Data!N37,"") | O49: =AVERAGE(C49:N49) -> 4
A50: Dumas Facebook | B50: Coût / Lead Brut | C50: =IFERROR(Data!C38/Data!C41,"") -> 66.666667 | D50: =IFERROR(Data!D38/Data!D41,"") | E50: =IFERROR(Data!E38/Data!E41,"") | F50: =IFERROR(Data!F38/Data!F41,"") | G50: =IFERROR(Data!G38/Data!G41,"") | H50: =IFERROR(Data!H38/Data!H41,"") | I50: =IFERROR(Data!I38/Data!I41,"") | J50: =IFERROR(Data!J38/Data!J41,"") | ... N50: =IFERROR(Data!N38/Data!N41,"") | O50: =AVERAGE(C50:N50) -> 66.666667
A51: Dumas Facebook | B51: Coût / Lead Réel (Rejoint) | C51: =IFERROR(Data!C38/Data!C42,"") -> 125 | D51: =IFERROR(Data!D38/Data!D42,"") | E51: =IFERROR(Data!E38/Data!E42,"") | F51: =IFERROR(Data!F38/Data!F42,"") | G51: =IFERROR(Data!G38/Data!G42,"") | H51: =IFERROR(Data!H38/Data!H42,"") | I51: =IFERROR(Data!I38/Data!I42,"") | J51: =IFERROR(Data!J38/Data!J42,"") | ... N51: =IFERROR(Data!N38/Data!N42,"") | O51: =AVERAGE(C51:N51) -> 125
A52: Dumas Facebook | B52: Coût / Soumission | C52: =IFERROR(Data!C38/Data!C43,"") -> 166.66667 | D52: =IFERROR(Data!D38/Data!D43,"") | E52: =IFERROR(Data!E38/Data!E43,"") | F52: =IFERROR(Data!F38/Data!F43,"") | G52: =IFERROR(Data!G38/Data!G43,"") | H52: =IFERROR(Data!H38/Data!H43,"") | I52: =IFERROR(Data!I38/Data!I43,"") | J52: =IFERROR(Data!J38/Data!J43,"") | ... N52: =IFERROR(Data!N38/Data!N43,"") | O52: =AVERAGE(C52:N52) -> 166.66667
A53: Dumas Facebook | B53: Coût / Vente | C53: =IFERROR(Data!C38/Data!C44,"") -> 250 | D53: =IFERROR(Data!D38/Data!D44,"") | E53: =IFERROR(Data!E38/Data!E44,"") | F53: =IFERROR(Data!F38/Data!F44,"") | G53: =IFERROR(Data!G38/Data!G44,"") | H53: =IFERROR(Data!H38/Data!H44,"") | I53: =IFERROR(Data!I38/Data!I44,"") | J53: =IFERROR(Data!J38/Data!J44,"") | ... N53: =IFERROR(Data!N38/Data!N44,"") | O53: =AVERAGE(C53:N53) -> 250
A54: Dumas Facebook | B54: Taux de Lead rejoint | C54: =IFERROR(Data!C42/Data!C41,"") -> 0.53333333 | D54: =IFERROR(Data!D42/Data!D41,"") | E54: =IFERROR(Data!E42/Data!E41,"") | F54: =IFERROR(Data!F42/Data!F41,"") | G54: =IFERROR(Data!G42/Data!G41,"") | H54: =IFERROR(Data!H42/Data!H41,"") | I54: =IFERROR(Data!I42/Data!I41,"") | J54: =IFERROR(Data!J42/Data!J41,"") | ... N54: =IFERROR(Data!N42/Data!N41,"") | O54: =AVERAGE(C54:N54) -> 0.53333333
A55: Dumas Facebook | B55: Taux de Closing sur lead Brut | C55: =IFERROR(Data!C44/Data!C41,"") -> 0.26666667 | D55: =IFERROR(Data!D44/Data!D41,"") | E55: =IFERROR(Data!E44/Data!E41,"") | F55: =IFERROR(Data!F44/Data!F41,"") | G55: =IFERROR(Data!G44/Data!G41,"") | H55: =IFERROR(Data!H44/Data!H41,"") | I55: =IFERROR(Data!I44/Data!I41,"") | J55: =IFERROR(Data!J44/Data!J41,"") | ... N55: =IFERROR(Data!N44/Data!N41,"") | O55: =AVERAGE(C55:N55) -> 0.26666667
A56: Dumas Facebook | B56: Taux de Closing sur lead Réel (Rejoint) | C56: =IFERROR(Data!C44/Data!C42,"") -> 0.5 | D56: =IFERROR(Data!D44/Data!D42,"") | E56: =IFERROR(Data!E44/Data!E42,"") | F56: =IFERROR(Data!F44/Data!F42,"") | G56: =IFERROR(Data!G44/Data!G42,"") | H56: =IFERROR(Data!H44/Data!H42,"") | I56: =IFERROR(Data!I44/Data!I42,"") | J56: =IFERROR(Data!J44/Data!J42,"") | ... N56: =IFERROR(Data!N44/Data!N42,"") | O56: =AVERAGE(C56:N56) -> 0.5
A57: Dumas Facebook | B57: Taux de Closing sur soumission | C57: =IFERROR(Data!C44/Data!C43,"") -> 0.66666667 | D57: =IFERROR(Data!D44/Data!D43,"") | E57: =IFERROR(Data!E44/Data!E43,"") | F57: =IFERROR(Data!F44/Data!F43,"") | G57: =IFERROR(Data!G44/Data!G43,"") | H57: =IFERROR(Data!H44/Data!H43,"") | I57: =IFERROR(Data!I44/Data!I43,"") | J57: =IFERROR(Data!J44/Data!J43,"") | ... N57: =IFERROR(Data!N44/Data!N43,"") | O57: =AVERAGE(C57:N57) -> 0.66666667
A58: Dumas Facebook | B58: Prime / Vente | C58: =IFERROR(Data!C45/Data!C44,"") -> 250 | D58: =IFERROR(Data!D45/Data!D44,"") | E58: =IFERROR(Data!E45/Data!E44,"") | F58: =IFERROR(Data!F45/Data!F44,"") | G58: =IFERROR(Data!G45/Data!G44,"") | H58: =IFERROR(Data!H45/Data!H44,"") | I58: =IFERROR(Data!I45/Data!I44,"") | J58: =IFERROR(Data!J45/Data!J44,"") | ... N58: =IFERROR(Data!N45/Data!N44,"") | O58: =AVERAGE(C58:N58) -> 250
A59: Dumas Facebook | B59: Commission / Vente | C59: =IFERROR(Data!C46/Data!C44,"") -> 62.5 | D59: =IFERROR(Data!D46/Data!D44,"") | E59: =IFERROR(Data!E46/Data!E44,"") | F59: =IFERROR(Data!F46/Data!F44,"") | G59: =IFERROR(Data!G46/Data!G44,"") | H59: =IFERROR(Data!H46/Data!H44,"") | I59: =IFERROR(Data!I46/Data!I44,"") | J59: =IFERROR(Data!J46/Data!J44,"") | ... N59: =IFERROR(Data!N46/Data!N44,"") | O59: =AVERAGE(C59:N59) -> 62.5
A60: Dumas Facebook | B60: Récupération sur investissement | C60: =IFERROR(Data!C46/Data!C38,"") -> 0.25 | D60: =IFERROR(Data!D46/Data!D38,"") | E60: =IFERROR(Data!E46/Data!E38,"") | F60: =IFERROR(Data!F46/Data!F38,"") | G60: =IFERROR(Data!G46/Data!G38,"") | H60: =IFERROR(Data!H46/Data!H38,"") | I60: =IFERROR(Data!I46/Data!I38,"") | J60: =IFERROR(Data!J46/Data!J38,"") | ... N60: =IFERROR(Data!N46/Data!N38,"") | O60: =AVERAGE(C60:N60) -> 0.25
A61: Dumas Facebook | B61: Multiple de commission brut | C61: =IFERROR(Data!C38/Data!C46,"") -> 4 | D61: =IFERROR(Data!D38/Data!D46,"") | E61: =IFERROR(Data!E38/Data!E46,"") | F61: =IFERROR(Data!F38/Data!F46,"") | G61: =IFERROR(Data!G38/Data!G46,"") | H61: =IFERROR(Data!H38/Data!H46,"") | I61: =IFERROR(Data!I38/Data!I46,"") | J61: =IFERROR(Data!J38/Data!J46,"") | ... N61: =IFERROR(Data!N38/Data!N46,"") | O61: =AVERAGE(C61:N61) -> 4
A62: Dumas Google | B62: Coût / Lead Brut | C62: =IFERROR(Data!C47/Data!C50,"") -> 66.666667 | D62: =IFERROR(Data!D47/Data!D50,"") | E62: =IFERROR(Data!E47/Data!E50,"") | F62: =IFERROR(Data!F47/Data!F50,"") | G62: =IFERROR(Data!G47/Data!G50,"") | H62: =IFERROR(Data!H47/Data!H50,"") | I62: =IFERROR(Data!I47/Data!I50,"") | J62: =IFERROR(Data!J47/Data!J50,"") | ... N62: =IFERROR(Data!N47/Data!N50,"") | O62: =AVERAGE(C62:N62) -> 66.666667
A63: Dumas Google | B63: Coût / Lead Réel (Rejoint) | C63: =IFERROR(Data!C47/Data!C51,"") -> 125 | D63: =IFERROR(Data!D47/Data!D51,"") | E63: =IFERROR(Data!E47/Data!E51,"") | F63: =IFERROR(Data!F47/Data!F51,"") | G63: =IFERROR(Data!G47/Data!G51,"") | H63: =IFERROR(Data!H47/Data!H51,"") | I63: =IFERROR(Data!I47/Data!I51,"") | J63: =IFERROR(Data!J47/Data!J51,"") | ... N63: =IFERROR(Data!N47/Data!N51,"") | O63: =AVERAGE(C63:N63) -> 125
A64: Dumas Google | B64: Coût / Soumission | C64: =IFERROR(Data!C47/Data!C52,"") -> 166.66667 | D64: =IFERROR(Data!D47/Data!D52,"") | E64: =IFERROR(Data!E47/Data!E52,"") | F64: =IFERROR(Data!F47/Data!F52,"") | G64: =IFERROR(Data!G47/Data!G52,"") | H64: =IFERROR(Data!H47/Data!H52,"") | I64: =IFERROR(Data!I47/Data!I52,"") | J64: =IFERROR(Data!J47/Data!J52,"") | ... N64: =IFERROR(Data!N47/Data!N52,"") | O64: =AVERAGE(C64:N64) -> 166.66667
A65: Dumas Google | B65: Coût / Vente | C65: =IFERROR(Data!C47/Data!C53,"") -> 250 | D65: =IFERROR(Data!D47/Data!D53,"") | E65: =IFERROR(Data!E47/Data!E53,"") | F65: =IFERROR(Data!F47/Data!F53,"") | G65: =IFERROR(Data!G47/Data!G53,"") | H65: =IFERROR(Data!H47/Data!H53,"") | I65: =IFERROR(Data!I47/Data!I53,"") | J65: =IFERROR(Data!J47/Data!J53,"") | ... N65: =IFERROR(Data!N47/Data!N53,"") | O65: =AVERAGE(C65:N65) -> 250
A66: Dumas Google | B66: Taux de Lead rejoint | C66: =IFERROR(Data!C51/Data!C50,"") -> 0.53333333 | D66: =IFERROR(Data!D51/Data!D50,"") | E66: =IFERROR(Data!E51/Data!E50,"") | F66: =IFERROR(Data!F51/Data!F50,"") | G66: =IFERROR(Data!G51/Data!G50,"") | H66: =IFERROR(Data!H51/Data!H50,"") | I66: =IFERROR(Data!I51/Data!I50,"") | J66: =IFERROR(Data!J51/Data!J50,"") | ... N66: =IFERROR(Data!N51/Data!N50,"") | O66: =AVERAGE(C66:N66) -> 0.53333333
A67: Dumas Google | B67: Taux de Closing sur lead Brut | C67: =IFERROR(Data!C53/Data!C50,"") -> 0.26666667 | D67: =IFERROR(Data!D53/Data!D50,"") | E67: =IFERROR(Data!E53/Data!E50,"") | F67: =IFERROR(Data!F53/Data!F50,"") | G67: =IFERROR(Data!G53/Data!G50,"") | H67: =IFERROR(Data!H53/Data!H50,"") | I67: =IFERROR(Data!I53/Data!I50,"") | J67: =IFERROR(Data!J53/Data!J50,"") | ... N67: =IFERROR(Data!N53/Data!N50,"") | O67: =AVERAGE(C67:N67) -> 0.26666667
A68: Dumas Google | B68: Taux de Closing sur lead Réel (Rejoint) | C68: =IFERROR(Data!C53/Data!C51,"") -> 0.5 | D68: =IFERROR(Data!D53/Data!D51,"") | E68: =IFERROR(Data!E53/Data!E51,"") | F68: =IFERROR(Data!F53/Data!F51,"") | G68: =IFERROR(Data!G53/Data!G51,"") | H68: =IFERROR(Data!H53/Data!H51,"") | I68: =IFERROR(Data!I53/Data!I51,"") | J68: =IFERROR(Data!J53/Data!J51,"") | ... N68: =IFERROR(Data!N53/Data!N51,"") | O68: =AVERAGE(C68:N68) -> 0.5
A69: Dumas Google | B69: Taux de Closing sur soumission | C69: =IFERROR(Data!C53/Data!C52,"") -> 0.66666667 | D69: =IFERROR(Data!D53/Data!D52,"") | E69: =IFERROR(Data!E53/Data!E52,"") | F69: =IFERROR(Data!F53/Data!F52,"") | G69: =IFERROR(Data!G53/Data!G52,"") | H69: =IFERROR(Data!H53/Data!H52,"") | I69: =IFERROR(Data!I53/Data!I52,"") | J69: =IFERROR(Data!J53/Data!J52,"") | ... N69: =IFERROR(Data!N53/Data!N52,"") | O69: =AVERAGE(C69:N69) -> 0.66666667
A70: Dumas Google | B70: Prime / Vente | C70: =IFERROR(Data!C54/Data!C53,"") -> 250 | D70: =IFERROR(Data!D54/Data!D53,"") | E70: =IFERROR(Data!E54/Data!E53,"") | F70: =IFERROR(Data!F54/Data!F53,"") | G70: =IFERROR(Data!G54/Data!G53,"") | H70: =IFERROR(Data!H54/Data!H53,"") | I70: =IFERROR(Data!I54/Data!I53,"") | J70: =IFERROR(Data!J54/Data!J53,"") | ... N70: =IFERROR(Data!N54/Data!N53,"") | O70: =AVERAGE(C70:N70) -> 250
A71: Dumas Google | B71: Commission / Vente | C71: =IFERROR(Data!C55/Data!C53,"") -> 62.5 | D71: =IFERROR(Data!D55/Data!D53,"") | E71: =IFERROR(Data!E55/Data!E53,"") | F71: =IFERROR(Data!F55/Data!F53,"") | G71: =IFERROR(Data!G55/Data!G53,"") | H71: =IFERROR(Data!H55/Data!H53,"") | I71: =IFERROR(Data!I55/Data!I53,"") | J71: =IFERROR(Data!J55/Data!J53,"") | ... N71: =IFERROR(Data!N55/Data!N53,"") | O71: =AVERAGE(C71:N71) -> 62.5
A72: Dumas Google | B72: Récupération sur investissement | C72: =IFERROR(Data!C55/Data!C47,"") -> 0.25 | D72: =IFERROR(Data!D55/Data!D47,"") | E72: =IFERROR(Data!E55/Data!E47,"") | F72: =IFERROR(Data!F55/Data!F47,"") | G72: =IFERROR(Data!G55/Data!G47,"") | H72: =IFERROR(Data!H55/Data!H47,"") | I72: =IFERROR(Data!I55/Data!I47,"") | J72: =IFERROR(Data!J55/Data!J47,"") | ... N72: =IFERROR(Data!N55/Data!N47,"") | O72: =AVERAGE(C72:N72) -> 0.25
A73: Dumas Google | B73: Multiple de commission brut | C73: =IFERROR(Data!C47/Data!C55,"") -> 4 | D73: =IFERROR(Data!D47/Data!D55,"") | E73: =IFERROR(Data!E47/Data!E55,"") | F73: =IFERROR(Data!F47/Data!F55,"") | G73: =IFERROR(Data!G47/Data!G55,"") | H73: =IFERROR(Data!H47/Data!H55,"") | I73: =IFERROR(Data!I47/Data!I55,"") | J73: =IFERROR(Data!J47/Data!J55,"") | ... N73: =IFERROR(Data!N47/Data!N55,"") | O73: =AVERAGE(C73:N73) -> 4
A74: Moyenne Globale | B74: Coût / Lead Brut | C74: =SIERREUR(MOYENNE(C2;C14;C26;C38;C50;C62);"") | D74: =AVERAGE(D2,D14,D26,D38,D50,D62) -> #DIV/0! | E74: =AVERAGE(E2,E14,E26,E38,E50,E62) -> #DIV/0! | F74: =AVERAGE(F2,F14,F26,F38,F50,F62) -> #DIV/0! | G74: =AVERAGE(G2,G14,G26,G38,G50,G62) -> #DIV/0! | H74: =AVERAGE(H2,H14,H26,H38,H50,H62) -> #DIV/0! | I74: =AVERAGE(I2,I14,I26,I38,I50,I62) -> #DIV/0! | J74: =AVERAGE(J2,J14,J26,J38,J50,J62) -> #DIV/0! | K74: =AVERAGE(K2,K14,K26,K38,K50,K62) -> #DIV/0! | ... N74: =AVERAGE(N2,N14,N26,N38,N50,N62) -> #DIV/0! | O74: =AVERAGE(C74:N74) -> #DIV/0!
A75: Moyenne Globale | B75: Coût / Lead Réel (Rejoint) | C75: =AVERAGE(C3,C15,C27,C39,C51,C63) -> 125 | D75: =AVERAGE(D3,D15,D27,D39,D51,D63) -> #DIV/0! | E75: =AVERAGE(E3,E15,E27,E39,E51,E63) -> #DIV/0! | F75: =AVERAGE(F3,F15,F27,F39,F51,F63) -> #DIV/0! | G75: =AVERAGE(G3,G15,G27,G39,G51,G63) -> #DIV/0! | H75: =AVERAGE(H3,H15,H27,H39,H51,H63) -> #DIV/0! | I75: =AVERAGE(I3,I15,I27,I39,I51,I63) -> #DIV/0! | J75: =AVERAGE(J3,J15,J27,J39,J51,J63) -> #DIV/0! | ... N75: =AVERAGE(N3,N15,N27,N39,N51,N63) -> #DIV/0! | O75: =AVERAGE(C75:N75) -> #DIV/0!
A76: Moyenne Globale | B76: Coût / Soumission | C76: =AVERAGE(C4,C16,C28,C40,C52,C64) -> 166.66667 | D76: =AVERAGE(D4,D16,D28,D40,D52,D64) -> #DIV/0! | E76: =AVERAGE(E4,E16,E28,E40,E52,E64) -> #DIV/0! | F76: =AVERAGE(F4,F16,F28,F40,F52,F64) -> #DIV/0! | G76: =AVERAGE(G4,G16,G28,G40,G52,G64) -> #DIV/0! | H76: =AVERAGE(H4,H16,H28,H40,H52,H64) -> #DIV/0! | I76: =AVERAGE(I4,I16,I28,I40,I52,I64) -> #DIV/0! | J76: =AVERAGE(J4,J16,J28,J40,J52,J64) -> #DIV/0! | ... N76: =AVERAGE(N4,N16,N28,N40,N52,N64) -> #DIV/0! | O76: =AVERAGE(C76:N76) -> #DIV/0!
A77: Moyenne Globale | B77: Coût / Vente | C77: =AVERAGE(C5,C17,C29,C41,C53,C65) -> 250 | D77: =AVERAGE(D5,D17,D29,D41,D53,D65) -> #DIV/0! | E77: =AVERAGE(E5,E17,E29,E41,E53,E65) -> #DIV/0! | F77: =AVERAGE(F5,F17,F29,F41,F53,F65) -> #DIV/0! | G77: =AVERAGE(G5,G17,G29,G41,G53,G65) -> #DIV/0! | H77: =AVERAGE(H5,H17,H29,H41,H53,H65) -> #DIV/0! | I77: =AVERAGE(I5,I17,I29,I41,I53,I65) -> #DIV/0! | J77: =AVERAGE(J5,J17,J29,J41,J53,J65) -> #DIV/0! | ... N77: =AVERAGE(N5,N17,N29,N41,N53,N65) -> #DIV/0! | O77: =AVERAGE(C77:N77) -> #DIV/0!
A78: Moyenne Globale | B78: Taux de Lead rejoint | C78: =AVERAGE(C6,C18,C30,C42,C54,C66) -> 0.53333333 | D78: =AVERAGE(D6,D18,D30,D42,D54,D66) -> #DIV/0! | E78: =AVERAGE(E6,E18,E30,E42,E54,E66) -> #DIV/0! | F78: =AVERAGE(F6,F18,F30,F42,F54,F66) -> #DIV/0! | G78: =AVERAGE(G6,G18,G30,G42,G54,G66) -> #DIV/0! | H78: =AVERAGE(H6,H18,H30,H42,H54,H66) -> #DIV/0! | I78: =AVERAGE(I6,I18,I30,I42,I54,I66) -> #DIV/0! | J78: =AVERAGE(J6,J18,J30,J42,J54,J66) -> #DIV/0! | ... N78: =AVERAGE(N6,N18,N30,N42,N54,N66) -> #DIV/0! | O78: =AVERAGE(C78:N78) -> #DIV/0!
A79: Moyenne Globale | B79: Taux de Closing sur lead Brut | C79: =AVERAGE(C7,C19,C31,C43,C55,C67) -> 0.26666667 | D79: =AVERAGE(D7,D19,D31,D43,D55,D67) -> #DIV/0! | E79: =AVERAGE(E7,E19,E31,E43,E55,E67) -> #DIV/0! | F79: =AVERAGE(F7,F19,F31,F43,F55,F67) -> #DIV/0! | G79: =AVERAGE(G7,G19,G31,G43,G55,G67) -> #DIV/0! | H79: =AVERAGE(H7,H19,H31,H43,H55,H67) -> #DIV/0! | I79: =AVERAGE(I7,I19,I31,I43,I55,I67) -> #DIV/0! | J79: =AVERAGE(J7,J19,J31,J43,J55,J67) -> #DIV/0! | ... N79: =AVERAGE(N7,N19,N31,N43,N55,N67) -> #DIV/0! | O79: =AVERAGE(C79:N79) -> #DIV/0!
A80: Moyenne Globale | B80: Taux de Closing sur lead Réel (Rejoint) | C80: =AVERAGE(C8,C20,C32,C44,C56,C68) -> 0.5 | D80: =AVERAGE(D8,D20,D32,D44,D56,D68) -> #DIV/0! | E80: =AVERAGE(E8,E20,E32,E44,E56,E68) -> #DIV/0! | F80: =AVERAGE(F8,F20,F32,F44,F56,F68) -> #DIV/0! | G80: =AVERAGE(G8,G20,G32,G44,G56,G68) -> #DIV/0! | H80: =AVERAGE(H8,H20,H32,H44,H56,H68) -> #DIV/0! | I80: =AVERAGE(I8,I20,I32,I44,I56,I68) -> #DIV/0! | J80: =AVERAGE(J8,J20,J32,J44,J56,J68) -> #DIV/0! | ... N80: =AVERAGE(N8,N20,N32,N44,N56,N68) -> #DIV/0! | O80: =AVERAGE(C80:N80) -> #DIV/0!
A81: Moyenne Globale | B81: Taux de Closing sur soumission | C81: =AVERAGE(C9,C21,C33,C45,C57,C69) -> 0.66666667 | D81: =AVERAGE(D9,D21,D33,D45,D57,D69) -> #DIV/0! | E81: =AVERAGE(E9,E21,E33,E45,E57,E69) -> #DIV/0! | F81: =AVERAGE(F9,F21,F33,F45,F57,F69) -> #DIV/0! | G81: =AVERAGE(G9,G21,G33,G45,G57,G69) -> #DIV/0! | H81: =AVERAGE(H9,H21,H33,H45,H57,H69) -> #DIV/0! | I81: =AVERAGE(I9,I21,I33,I45,I57,I69) -> #DIV/0! | J81: =AVERAGE(J9,J21,J33,J45,J57,J69) -> #DIV/0! | ... N81: =AVERAGE(N9,N21,N33,N45,N57,N69) -> #DIV/0! | O81: =AVERAGE(C81:N81) -> #DIV/0!
A82: Moyenne Globale | B82: Prime / Vente | C82: =AVERAGE(C10,C22,C34,C46,C58,C70) -> 250 | D82: =AVERAGE(D10,D22,D34,D46,D58,D70) -> #DIV/0! | E82: =AVERAGE(E10,E22,E34,E46,E58,E70) -> #DIV/0! | F82: =AVERAGE(F10,F22,F34,F46,F58,F70) -> #DIV/0! | G82: =AVERAGE(G10,G22,G34,G46,G58,G70) -> #DIV/0! | H82: =AVERAGE(H10,H22,H34,H46,H58,H70) -> #DIV/0! | I82: =AVERAGE(I10,I22,I34,I46,I58,I70) -> #DIV/0! | J82: =AVERAGE(J10,J22,J34,J46,J58,J70) -> #DIV/0! | ... N82: =AVERAGE(N10,N22,N34,N46,N58,N70) -> #DIV/0! | O82: =AVERAGE(C82:N82) -> #DIV/0!
A83: Moyenne Globale | B83: Commission / Vente | C83: =AVERAGE(C11,C23,C35,C47,C59,C71) -> 62.5 | D83: =AVERAGE(D11,D23,D35,D47,D59,D71) -> #DIV/0! | E83: =AVERAGE(E11,E23,E35,E47,E59,E71) -> #DIV/0! | F83: =AVERAGE(F11,F23,F35,F47,F59,F71) -> #DIV/0! | G83: =AVERAGE(G11,G23,G35,G47,G59,G71) -> #DIV/0! | H83: =AVERAGE(H11,H23,H35,H47,H59,H71) -> #DIV/0! | I83: =AVERAGE(I11,I23,I35,I47,I59,I71) -> #DIV/0! | J83: =AVERAGE(J11,J23,J35,J47,J59,J71) -> #DIV/0! | ... N83: =AVERAGE(N11,N23,N35,N47,N59,N71) -> #DIV/0! | O83: =AVERAGE(C83:N83) -> #DIV/0!
A84: Moyenne Globale | B84: Récupération sur investissement | C84: =AVERAGE(C12,C24,C36,C48,C60,C72) -> 0.25 | D84: =AVERAGE(D12,D24,D36,D48,D60,D72) -> #DIV/0! | E84: =AVERAGE(E12,E24,E36,E48,E60,E72) -> #DIV/0! | F84: =AVERAGE(F12,F24,F36,F48,F60,F72) -> #DIV/0! | G84: =AVERAGE(G12,G24,G36,G48,G60,G72) -> #DIV/0! | H84: =AVERAGE(H12,H24,H36,H48,H60,H72) -> #DIV/0! | I84: =AVERAGE(I12,I24,I36,I48,I60,I72) -> #DIV/0! | J84: =AVERAGE(J12,J24,J36,J48,J60,J72) -> #DIV/0! | ... N84: =AVERAGE(N12,N24,N36,N48,N60,N72) -> #DIV/0! | O84: =AVERAGE(C84:N84) -> #DIV/0!
A85: Moyenne Globale | B85: Multiple de commission brut | C85: =AVERAGE(C13,C25,C37,C49,C61,C73) -> 4 | D85: =AVERAGE(D13,D25,D37,D49,D61,D73) -> #DIV/0! | E85: =AVERAGE(E13,E25,E37,E49,E61,E73) -> #DIV/0! | F85: =AVERAGE(F13,F25,F37,F49,F61,F73) -> #DIV/0! | G85: =AVERAGE(G13,G25,G37,G49,G61,G73) -> #DIV/0! | H85: =AVERAGE(H13,H25,H37,H49,H61,H73) -> #DIV/0! | I85: =AVERAGE(I13,I25,I37,I49,I61,I73) -> #DIV/0! | J85: =AVERAGE(J13,J25,J37,J49,J61,J73) -> #DIV/0! | ... N85: =AVERAGE(N13,N25,N37,N49,N61,N73) -> #DIV/0! | O85: =AVERAGE(C85:N85) -> #DIV/0!

Sheet Info
A1: Activité | B1: Données | C1: Où trouver l'Info | D1: Qui
A2: ProAssurance | B2: =Data!B2 -> Investissement | C2: Facture Jimmy | D2: FV
B3: =Data!B5 -> Nb de Lead Brut | C3: Rapport à Julie ProAss | D3: Julie Lebeau
B4: =Data!B6 -> Nb de lead Réel (Rejoint) | C4: Rapport à Julie ProAss | D4: Julie Lebeau
B5: =Data!B7 -> Nb de soumission | C5: Rapport de vente LP | D5: Julie Lebeau
B6: =Data!B8 -> Nb de vente | C6: Rapport de vente LP | D6: Julie Lebeau
B7: =Data!B9 -> Prime générée | C7: Rapport de vente LP | D7: Julie Lebeau
B8: =Data!B10 -> Commission générée | C8: Rapport de vente LP | D8: Julie Lebeau
A10: CAVI LP | B10: =Data!B11 -> Investissement | C10: Facture Intact | D10: FV
B11: =Data!B12 -> Nb de Lead Formulaire reçu | C11: Rapport CAVI LP | D11: Julie Lebeau
B12: =Data!B13 -> Nb de Lead Téléphonique | C12: Rapport Vente LP | D12: Julie Lebeau
B13: =Data!B14 -> Nb de Lead Brut | C13: Rapport Vente LP | D13: Julie Lebeau
B14: =Data!B15 -> Nb de lead Réel (Rejoint) | C14: Rapport Vente LP | D14: Julie Lebeau
B15: =Data!B16 -> Nb de soumission | C15: Rapport Vente LP | D15: Julie Lebeau
A17: CAVI LC | B17: =Data!B17 -> Nb de vente | C17: Facture Intact | D17: FV
B18: =Data!B18 -> Prime générée | C18: Rapport Vente LC | D18: Alex
B19: =Data!B19 -> Commission générée | C19: Rapport Vente LC | D19: Alex
B20: =Data!B20 -> Investissement | C20: Rapport Vente LC | D20: Alex
B21: =Data!B21 -> Nb de Lead Formulaire reçu | C21: Rapport Vente LC | D21: Alex
B22: =Data!B22 -> Nb de Lead Téléphonique | C22: Rapport Vente LC | D22: Alex
A24: P15 | B24: =Data!B23 -> Nb de Lead Brut | C24: Share/comptabilité/Certificat Cadeaux | D24: FV
B25: =Data!B24 -> Nb de lead Réel (Rejoint) | C25: Share/comptabilité/Certificat Cadeaux | D25: FV
B26: =Data!B25 -> Nb de soumission | C26: Rapport Vente LP | D26: Julie Lebeau
B27: =Data!B26 -> Nb de vente | C27: Rapport Vente LP | D27: Julie Lebeau
B28: =Data!B27 -> Prime générée | C28: Rapport Vente LP | D28: Julie Lebeau
B29: =Data!B28 -> Commission générée | C29: Rapport Vente LP | D29: Julie Lebeau
A31: Dumas Facebook | B31: =Data!B29 -> Investissement | C31: Facture Anne Dumas | D31: FV
B32: =Data!B30 -> Nb de Lead Formulaire reçu | C32: Rapport Anne + appels new | D32: Julie Lebeau
B33: =Data!B31 -> Nb de Lead Téléphonique | D33: Julie Lebeau
B34: =Data!B32 -> Nb de Lead Brut | C34: Rapport de vente LP | D34: Julie Lebeau
B35: =Data!B33 -> Nb de lead Réel (Rejoint) | C35: Rapport de vente LP | D35: Julie Lebeau
B36: =Data!B34 -> Nb de soumission | C36: Rapport de vente LP | D36: Julie Lebeau
B37: =Data!B35 -> Nb de vente | C37: Rapport de vente LP | D37: Julie Lebeau
A39: Dumas Google | B39: =Data!B36 -> Prime générée | C39: Facture Anne Dumas Ad-Word- Ad-Gear et | D39: FV
B40: =Data!B37 -> Commission générée | C40: Rapport Anne | D40: FV
B41: =Data!B38 -> Investissement | C41: Analyse Julie Lebeau | D41: Julie Lebeau
B42: =Data!B39 -> Nb de Lead Formulaire reçu | C42: Automatique
B43: =Data!B40 -> Nb de Lead Téléphonique | C43: Rapport de Julie | D43: Julie Lebeau
B44: =Data!B41 -> Nb de Lead Brut | C44: Rapport de vente LP | D44: Julie Lebeau
B45: =Data!B42 -> Nb de lead Réel (Rejoint) | C45: Rapport de vente LP | D45: Julie Lebeau
B46: =Data!B43 -> Nb de soumission | C46: Rapport de vente LP | D46: Julie Lebeau
B47: =Data!B44 -> Nb de vente | C47: Rapport de vente LP | D47: Julie Lebeau

Sheet Rentabilité
O2: =Rentabilité!A14 -> 0
A3: taux de renouvellement
A4: Salaire et breakdown?
A10: test =SI(ESTERREUR(MOYENNE(C2:N2);<>0;MOYENNE(C2:N2))
